TOP OF THE 1ST |
Georgetown Hoyas batting - Pitching for Virginia Tech Hokies : RHP Mike Meeks
|
Pitching: RHP Mike Meeks
|
|
Batting: RHB Luis Flores
|
0-0: Ball 1-0: Called Strike 1-1: Fly out, F3 (Popup, 3D)
|
Batting: LHB José De La Cruz
|
0-0: Called Strike 0-1: Foul Ball, location: 2F 0-2: Ball 1-2: Ground out 3-1 (Groundball, 34)
|
Batting: LHB Alan McGilroy
|
0-0: Called Strike 0-1: Foul Ball, location: 2F 0-2: Ball 1-2: SOLO HOME RUN (Flyball, 9LD), Distance : 324 ft
|
Batting: LHB Ken Bullard
|
0-0: Called Strike 0-1: Ball 1-1: Fly out, F7 (Flyball, 78S)
|
Top of the 1st over - 1 run(s), 1 hit(s), 0 error(s), 0 left on base; Georgetown 1 - Virginia Tech 0 |
BOTTOM OF THE 1ST |
Virginia Tech Hokies batting - Pitching for Georgetown Hoyas : RHP Mike Schultz
|
Pitching: RHP Mike Schultz
|
|
Batting: RHB Jerry Moore
|
0-0: Foul Ball, location: 2F 0-1: Called Strike 0-2: Foul Ball, location: 2F 0-2: Foul Ball, location: 2F 0-2: Ball 1-2: Ball 2-2: Fly out, F8 (Flyball, 8LM)
|
Batting: LHB Ken Walden
|
0-0: Swinging Strike 0-1: Ball 1-1: Ball 2-1: Ball 3-1: Base on Balls
|
Batting: RHB Francisco González
|
0-0: Ball 1-0: Fly out, F3 (Popup, 3F)
|
Batting: RHB Felipe Núñez
|
0-0: Called Strike 0-1: Swinging Strike 0-2: Strikes out swinging
|
Bottom of the 1st over - 0 run(s), 0 hit(s), 0 error(s), 1 left on base; Georgetown 1 - Virginia Tech 0 |
TOP OF THE 2ND |
Georgetown Hoyas batting - Pitching for Virginia Tech Hokies : RHP Mike Meeks
|
Batting: SHB Jeffrey MacNeill
|
0-0: Ball 1-0: Foul Ball, location: 2F 1-1: Foul Ball, location: 2F 1-2: Ball 2-2: Foul Ball, location: 2F 2-2: Strikes out swinging
|
Batting: SHB Edward Weber
|
0-0: Called Strike 0-1: Called Strike 0-2: Ball 1-2: Strikes out looking
|
Batting: LHB Tim Rose
|
0-0: Ball 1-0: Foul Ball, location: 2F 1-1: Foul Ball, location: 2F 1-2: Ball 2-2: Foul Ball, location: 2F 2-2: Foul Ball, location: 2F 2-2: Strikes out swinging
|
Top of the 2nd over - 0 run(s), 0 hit(s), 0 error(s), 0 left on base; Georgetown 1 - Virginia Tech 0 |
BOTTOM OF THE 2ND |
Virginia Tech Hokies batting - Pitching for Georgetown Hoyas : RHP Mike Schultz
|
Batting: RHB Gilberto Bracamontes
|
0-0: Called Strike 0-1: Foul Ball, location: 2F 0-2: Ball 1-2: Ball 2-2: Ground out 6-3 (Groundball, 6M)
|
Batting: LHB John Eardley
|
0-0: Called Strike 0-1: Ball 1-1: Foul Ball, location: 2F 1-2: Ground out 5-3 (Groundball, 56S)
|
Batting: RHB Matt Dickson
|
0-0: Called Strike 0-1: Ground out 6-3 (Groundball, 6)
|
Bottom of the 2nd over - 0 run(s), 0 hit(s), 0 error(s), 0 left on base; Georgetown 1 - Virginia Tech 0 |
TOP OF THE 3RD |
Georgetown Hoyas batting - Pitching for Virginia Tech Hokies : RHP Mike Meeks
|
Batting: RHB Bob Lee
|
0-0: Called Strike 0-1: Swinging Strike 0-2: Ball 1-2: Fly out, F8 (Line Drive, 8LM)
|
Batting: SHB Emmett Kinch
|
0-0: Ball 1-0: Fly out, F7 (Flyball, 78M)
|
Batting: RHB Luis Flores
|
0-0: Called Strike 0-1: Ball 1-1: Ground out U3 (Groundball, 3L)
|
Top of the 3rd over - 0 run(s), 0 hit(s), 0 error(s), 0 left on base; Georgetown 1 - Virginia Tech 0 |
BOTTOM OF THE 3RD |
Virginia Tech Hokies batting - Pitching for Georgetown Hoyas : RHP Mike Schultz
|
Batting: RHB Francisco Medina
|
0-0: Swinging Strike 0-1: Swinging Strike 0-2: Ball 1-2: Ball 2-2: Strikes out swinging
|
Batting: LHB Kenny Harris
|
0-0: Called Strike 0-1: Ball 1-1: Ball 2-1: Called Strike 2-2: Foul Ball, location: 2F 2-2: Ball 3-2: Base on Balls
|
Batting: RHB Jerry Moore
|
0-0: Ball 1-0: Foul Ball, location: 2F 1-1: Grounds into double play, 6-4-3 (Groundball, 6)
|
Bottom of the 3rd over - 0 run(s), 0 hit(s), 0 error(s), 0 left on base; Georgetown 1 - Virginia Tech 0 |
TOP OF THE 4TH |
Georgetown Hoyas batting - Pitching for Virginia Tech Hokies : RHP Mike Meeks
|
Batting: LHB José De La Cruz
|
0-0: Ball 1-0: Ball 2-0: Foul Ball, location: 2F 2-1: Called Strike 2-2: Ball 3-2: Base on Balls
|
Batting: LHB Alan McGilroy
|
0-0: Ball 1-0: Called Strike 1-1: Fly out, F9 (Flyball, 9D)
|
Batting: LHB Ken Bullard
|
0-0: Ball 1-0: Ball 2-0: Ball 3-0: Called Strike 3-1: Fly out, F7 (Flyball, 7LM)
|
Batting: SHB Jeffrey MacNeill
|
0-0: Foul Ball, location: 2F 0-1: Foul Ball, location: 2F 0-2: Strikes out swinging
|
Top of the 4th over - 0 run(s), 0 hit(s), 0 error(s), 1 left on base; Georgetown 1 - Virginia Tech 0 |
BOTTOM OF THE 4TH |
Virginia Tech Hokies batting - Pitching for Georgetown Hoyas : RHP Mike Schultz
|
Batting: LHB Ken Walden
|
0-0: Ball 1-0: Swinging Strike 1-1: Ball 2-1: Ball 3-1: Called Strike 3-2: SINGLE (Groundball, 3L)
|
Batting: RHB Francisco González
|
0-0: Ball 1-0: Fly out, F4 (Popup, 4)
|
Batting: RHB Felipe Núñez
|
0-0: Ball 1-0: Foul Ball, location: 2F 1-1: Swinging Strike 1-2: Foul Ball, location: 2F 1-2: Foul Ball, location: 2F 1-2: Ball 2-2: Foul Ball, location: 2F 2-2: Ball 3-2: Foul Ball, location: 2F 3-2: Fly out, F2 (Popup, 2RF)
|
Batting: RHB Gilberto Bracamontes
|
0-0: Called Strike 0-1: Ball 1-1: Foul Ball, location: 2F 1-2: Ball 2-2: Foul Ball, location: 2F 2-2: Strikes out swinging
|
Bottom of the 4th over - 0 run(s), 1 hit(s), 0 error(s), 1 left on base; Georgetown 1 - Virginia Tech 0 |
TOP OF THE 5TH |
Georgetown Hoyas batting - Pitching for Virginia Tech Hokies : RHP Mike Meeks
|
Batting: SHB Edward Weber
|
0-0: Ball 1-0: SINGLE (Flyball, 8LS)
|
Batting: LHB Tim Rose
|
0-0: Ball 1-0: SINGLE (Line Drive, 4MD) Edward Weber to second
|
Batting: RHB Bob Lee
|
0-0: Called Strike 0-1: Ball 1-1: Ball 2-1: Ball 3-1: Foul Ball, location: 2F 3-2: Strikes out swinging
|
Batting: SHB Emmett Kinch
|
0-0: Foul Ball, location: 2F 0-1: Ball 1-1: Called Strike 1-2: Ball 2-2: Strikes out swinging
|
Batting: RHB Luis Flores
|
0-0: Ball 1-0: Ground out 5-3 (Groundball, 5S)
|
Top of the 5th over - 0 run(s), 2 hit(s), 0 error(s), 2 left on base; Georgetown 1 - Virginia Tech 0 |
BOTTOM OF THE 5TH |
Virginia Tech Hokies batting - Pitching for Georgetown Hoyas : RHP Mike Schultz
|
Batting: LHB John Eardley
|
0-0: Ball 1-0: Ball 2-0: Foul Ball, location: 2F 2-1: Called Strike 2-2: Foul Ball, location: 2F 2-2: Foul Ball, location: 2F 2-2: Ball 3-2: Fly out, F6 (Popup, 5F)
|
Batting: RHB Matt Dickson
|
0-0: Ball 1-0: Ball 2-0: Ball 3-0: Base on Balls
|
Batting: RHB Francisco Medina
|
0-0: Ball 1-0: SINGLE (Flyball, 7S) Matt Dickson to second
|
Pitching: LHP Jeffrey Glass
|
|
Batting: LHB Kenny Harris
|
0-0: DOUBLE (Line Drive, 4D) Matt Dickson scores Francisco Medina to third
|
Batting: RHB Jerry Moore
|
0-0: Ball 1-0: Ball 2-0: Ball 3-0: Base on Balls
|
Batting: LHB Ken Walden
|
0-0: Foul Ball, location: 2F 0-1: Swinging Strike 0-2: Ball 1-2: Strikes out looking
|
Batting: RHB Francisco González
|
0-0: Ball 1-0: Called Strike 1-1: DOUBLE (Line Drive, 7LM) Francisco Medina scores Kenny Harris scores Jerry Moore to third
|
Batting: RHB Felipe Núñez
|
0-0: Called Strike 0-1: Foul Ball, location: 2F 0-2: Ball 1-2: Foul Ball, location: 2F 1-2: Foul Ball, location: 2F 1-2: Ball 2-2: Strikes out looking
|
Bottom of the 5th over - 3 run(s), 3 hit(s), 0 error(s), 2 left on base; Georgetown 1 - Virginia Tech 3 |
TOP OF THE 6TH |
Georgetown Hoyas batting - Pitching for Virginia Tech Hokies : RHP Mike Meeks
|
Batting: LHB José De La Cruz
|
0-0: Foul Ball, location: 2F 0-1: Ground out 4-3 (Groundball, 4)
|
Batting: LHB Alan McGilroy
|
0-0: Ball 1-0: Foul Ball, location: 2F 1-1: Ball 2-1: Fly out, F3 (Popup, 3F)
|
Batting: LHB Ken Bullard
|
0-0: Ball 1-0: Fly out, F4 (Popup, 4M)
|
Top of the 6th over - 0 run(s), 0 hit(s), 0 error(s), 0 left on base; Georgetown 1 - Virginia Tech 3 |
BOTTOM OF THE 6TH |
Virginia Tech Hokies batting - Pitching for Georgetown Hoyas : LHP Jeffrey Glass
|
Batting: RHB Gilberto Bracamontes
|
0-0: Ball 1-0: Ball 2-0: Ball 3-0: Base on Balls
|
Batting: LHB John Eardley
|
0-0: Ball 1-0: Ball 2-0: Foul Ball, location: 2F 2-1: Called Strike 2-2: Ball 3-2: Strikes out swinging
|
Batting: RHB Matt Dickson
|
0-0: Ball 1-0: Called Strike 1-1: Ball 2-1: 2-RUN HOME RUN (Flyball, 7D), Distance : 347 ft
|
Pitching: LHP Joseph Elliott
|
|
Batting: RHB Francisco Medina
|
0-0: Called Strike 0-1: SINGLE (Line Drive, 78M)
|
Batting: LHB Kenny Harris
|
0-0: Called Strike 0-1: Ball 1-1: Foul Ball, location: 2F 1-2: Foul Ball, location: 2F 1-2: Ball 2-2: Ball 3-2: Ground out 4-3 (Groundball, 4M) Francisco Medina to second
|
Batting: RHB Jerry Moore
|
0-0: Fly out, F4 (Popup, 9LSF)
|
Bottom of the 6th over - 2 run(s), 2 hit(s), 0 error(s), 1 left on base; Georgetown 1 - Virginia Tech 5 |
TOP OF THE 7TH |
Georgetown Hoyas batting - Pitching for Virginia Tech Hokies : RHP Mike Meeks
|
Pitching: LHP Ángel Rodríguez
|
|
Batting: SHB Jeffrey MacNeill
|
0-0: Ball 1-0: Ball 2-0: Foul Ball, location: 2F 2-1: Ground out 4-3 (Groundball, 4)
|
Batting: SHB Edward Weber
|
0-0: Fly out, F9 (Flyball, 89S)
|
Batting: LHB Tim Rose
|
0-0: Ball 1-0: Ground out 4-3 (Groundball, 4)
|
Top of the 7th over - 0 run(s), 0 hit(s), 0 error(s), 0 left on base; Georgetown 1 - Virginia Tech 5 |
BOTTOM OF THE 7TH |
Virginia Tech Hokies batting - Pitching for Georgetown Hoyas : LHP Joseph Elliott
|
Batting: LHB Ken Walden
|
0-0: Ball 1-0: Ground out 6-3 (Groundball, 6MS)
|
Batting: RHB Francisco González
|
0-0: Called Strike 0-1: Foul Ball, location: 2F 0-2: Foul Ball, location: 2F 0-2: Ball 1-2: Fly out, F9 (Flyball, 9LSF)
|
Batting: RHB Felipe Núñez
|
0-0: Ball 1-0: Ball 2-0: Swinging Strike 2-1: Fly out, F9 (Flyball, 89S)
|
Bottom of the 7th over - 0 run(s), 0 hit(s), 0 error(s), 0 left on base; Georgetown 1 - Virginia Tech 5 |
TOP OF THE 8TH |
Georgetown Hoyas batting - Pitching for Virginia Tech Hokies : LHP Ángel Rodríguez
|
Batting: RHB Bob Lee
|
0-0: Ball 1-0: Ball 2-0: Called Strike 2-1: Foul Ball, location: 2F 2-2: Fly out, F9 (Flyball, 89M)
|
Batting: SHB Emmett Kinch
|
0-0: Called Strike 0-1: Ball 1-1: Fly out, F9 (Flyball, 9LS)
|
Batting: RHB Luis Flores
|
0-0: Called Strike 0-1: Swinging Strike 0-2: SINGLE (Line Drive, 8RS)
|
Batting: LHB José De La Cruz
|
0-0: Ball 1-0: Fly out, F2 (Popup, 2LF)
|
Top of the 8th over - 0 run(s), 1 hit(s), 0 error(s), 1 left on base; Georgetown 1 - Virginia Tech 5 |
BOTTOM OF THE 8TH |
Virginia Tech Hokies batting - Pitching for Georgetown Hoyas : LHP Joseph Elliott
|
Batting: RHB Gilberto Bracamontes
|
0-0: SINGLE (Line Drive, 78M)
|
Batting: LHB John Eardley
|
0-0: Ball 1-0: Ball 2-0: Fielders Choice at 2nd, 3-6 (Groundball, 34)
|
Pitching: RHP Rafael Reyes
|
|
Batting: RHB Matt Dickson
|
0-0: Fly out, F9 (Flyball, 9M)
|
Batting: RHB Francisco Medina
|
0-0: Ball 1-0: Ball 2-0: Foul Ball, location: 2F 2-1: Ball 3-1: Fly out, F8 (Flyball, 89XD)
|
Bottom of the 8th over - 0 run(s), 1 hit(s), 0 error(s), 1 left on base; Georgetown 1 - Virginia Tech 5 |
TOP OF THE 9TH |
Georgetown Hoyas batting - Pitching for Virginia Tech Hokies : LHP Ángel Rodríguez
|
Batting: LHB Alan McGilroy
|
0-0: Ball 1-0: Swinging Strike 1-1: Foul Ball, location: 2F 1-2: Strikes out looking
|
Batting: LHB Ken Bullard
|
0-0: Ball 1-0: Called Strike 1-1: Ball 2-1: Ground out 6-3 (Groundball, 6MS)
|
Batting: SHB Jeffrey MacNeill
|
0-0: Ball 1-0: Ball 2-0: Ball 3-0: Base on Balls
|
Batting: SHB Edward Weber
|
0-0: Ball 1-0: Swinging Strike 1-1: Foul Ball, location: 2F 1-2: Strikes out swinging
|
Top of the 9th over - 0 run(s), 0 hit(s), 0 error(s), 1 left on base; Georgetown 1 - Virginia Tech 5 |
|